Map: Dasan Station LE

Players

Nickos - Winner!

  • Race: Terran Terran
  • League: Gold

Adam

  • Race: Terran Terran
  • League: Gold

VOD

Have the link to the VOD?

Description

Time

  • Played on: Sept. 25, 2016, 7:35 p.m.
  • Length: 12:28
Show
View Real Time Build Order
Export as new Build Order

Nickos Terran - Winner!

Build Orders: MMM Bio 

Get SALT Encoding   

  12  0:01  SCV  
  13  0:13  SCV  
  14  0:17  Supply Depot  
  14  0:25  SCV  
  15  0:38  SCV  
  15  0:41  Barracks  
  16  0:50  SCV  
  17  1:03  SCV  
  18  1:15  SCV  
  19  1:21  Command Center  
  19  1:30  Marine  
  20  1:34  Barracks  
  20  1:45  Orbital Command  
  20  1:48  Marine  
  21  2:06  Marine  
  21  2:07  Supply Depot  
  22  2:11  SCV  
  22  2:13  Barracks  
  23  2:28  Refinery, SCV, Marine x2  
  26  2:31  Refinery  
  26  2:40  SCV  
  26  2:41  Orbital Command  
  27  2:47  Marine  
  27  2:49  Marine  
  29  2:52  SCV  
  30  3:04  Barracks Tech Lab  
  30  3:05  SCV  
  31  3:07  SCV  
  32  3:17  SCV  
  34  3:20  SCV  
  34  3:23  Supply Depot  
  34  3:24  Stimpack  
  34  3:29  SCV  
  34  3:30  Barracks Reactor  
  34  3:32  SCV  
  36  3:41  SCV  
  37  3:44  SCV  
  37  3:45  Barracks Reactor  
  38  3:53  Marauder, SCV  
  40  3:58  SCV  
  41  4:05  Engineering Bay, SCV  
  41  4:08  Marine  
  41  4:09  Marine  
  44  4:10  SCV  
  44  4:14  Supply Depot, Factory  
  45  4:17  Marauder, SCV  
  45  4:22  SCV, Marine x2  
  51  4:29  SCV  
  51  4:30  Marine x2  
  54  4:32  Supply Depot  
  54  4:36  SCV  
  54  4:37  Supply Depot  
  54  4:38  Marine  
  55  4:41  SCV, Marine x2  
  55  4:43  Terran Infantry Weapons Level 1  
  59  4:48  SCV  
  59  4:52  Marine x2  
  62  4:53  SCV  
  62  4:57  Supply Depot  
  62  4:59  Factory Reactor  
  63  5:00  SCV  
  63  5:01  Supply Depot  
  63  5:03  Starport  
  63  5:05  SCV, Marauder  
  63  5:07  Marine  
  67  5:08  Marine  
  67  5:12  SCV  
  70  5:18  SCV  
  70  5:19  Missile Turret  
  71  5:24  SCV  
  72  5:29  Missile Turret  
  72  5:33  SCV  
  72  5:34  Combat Shields  
  73  5:36  SCV  
  73  5:47  Marine  
  73  5:48  Marine x3  
  73  5:49  Marauder  
  74  5:51  Factory Reactor  
  69  6:10  Marine x5  
  74  6:15  SCV x2  
  76  6:27  SCV  
  76  6:28  SCV  
  78  6:38  Terran Infantry Armor Level 1  
  78  6:39  Command Center  
  78  6:44  Factory  
  78  6:48  Starport  
  78  6:51  Barracks x3  
  78  6:53  Marine  
  78  6:54  Supply Depot, Marine x2  
  79  6:55  Medivac  
  79  6:56  Supply Depot  
  66  7:45  Marine x4  
  66  7:49  Barracks Reactor x3  
  70  7:52  Medivac  
  70  8:02  Liberator  
  63  8:10  Orbital Command  
  62  8:21  Marine x3  
  62  8:22  Marine x2  
  70  8:28  Marine x3  
  70  8:32  Missile Turret, Marine x3  
  76  8:38  Marine  
  76  8:39  Marine x2  
  76  8:40  Marine x2  
  81  8:44  Starport Reactor  
  81  8:45  Widow Mine  
  81  8:46  Marine x2  
  85  8:52  SCV  
  85  8:53  SCV x2  
  88  9:07  SCV x3  
  88  9:09  Marine x4  
  93  9:10  Marine x4  
  93  9:11  Marine x3  
  102  9:27  Marine x2  
  104  9:43  Marine x2  
  104  9:44  Marine x5  
  111  10:09  Liberator x2  
  111  10:12  Marine x2  
  111  10:13  Marine x5  
  111  10:14  Marine  
  118  10:18  Liberator  
  118  10:21  Marine x3  
  125  10:33  Marine x2  
  125  10:34  Marine  
  118  10:50  Marine  
  118  10:51  Marine x5  
  118  10:52  Marine  
  125  11:10  Marine  
  125  11:29  Marine  
  125  11:30  Marine  
  125  11:31  Marine x4  
  125  11:32  Marine x3  
  125  11:33  Medivac, Marine x2  
  125  11:35  Medivac  
  96  11:47  Marine  
  96  11:48  Marine x2  
  96  11:49  Marine x3  
  96  11:50  Marine x3  
  96  11:51  Marine x2  
  113  12:05  Marine  
  113  12:06  Marine x2  
  113  12:07  Marine x4  
  113  12:08  Marine x3  
  122  12:09  Marine  
Show
View Real Time Build Order
Export as new Build Order

Adam Terran 

Build Orders:  

Get SALT Encoding   

  12  0:01  SCV  
  13  0:13  SCV  
  14  0:19  Supply Depot  
  14  0:25  SCV  
  15  0:40  SCV  
  15  0:42  Barracks  
  16  0:48  Refinery  
  16  0:52  SCV  
  17  1:00  Supply Depot  
  17  1:07  SCV  
  18  1:19  SCV  
  19  1:28  Barracks  
  19  1:32  Marine  
  20  1:43  Orbital Command  
  20  1:56  Refinery  
  20  1:59  Marine  
  21  2:14  SCV  
  22  2:16  Marine  
  22  2:17  Factory  
  22  2:20  Barracks Tech Lab  
  23  2:26  SCV  
  23  2:27  Supply Depot  
  24  2:34  Marine  
  25  2:38  SCV  
  25  2:43  Supply Depot  
  26  2:49  Stimpack  
  26  2:50  SCV, Marine  
  28  2:52  Marine  
  29  3:02  SCV  
  30  3:08  Marine  
  30  3:09  Starport  
  30  3:11  Widow Mine  
  33  3:17  Supply Depot  
  33  3:21  Marine  
  33  3:26  Marauder  
  36  3:39  Widow Mine  
  38  3:47  Barracks Reactor  
  38  3:55  Marauder  
  40  3:58  Starport Reactor  
  40  4:04  Supply Depot  
  40  4:07  Engineering Bay  
  40  4:08  Engineering Bay  
  40  4:19  Marauder  
  40  4:20  Widow Mine  
  44  4:24  Marine x2  
  46  4:35  Medivac x2  
  50  4:47  Marauder, Marine x2  
  50  4:50  Widow Mine  
  56  4:54  Supply Depot  
  56  5:04  Command Center  
  56  5:05  Medivac  
  58  5:07  Medivac  
  46  5:57  Marine x3  
  32  5:59  Medivac x2  
  32  6:00  Widow Mine  
  39  6:08  SCV  
  40  6:14  Marine x2  
  40  6:17  Liberator  
  42  6:20  SCV  
  42  6:25  Marauder  
  45  6:29  Widow Mine  
  45  6:32  SCV, Marine x2  
  53  6:41  Liberator  
  53  6:45  Marine  
  54  6:50  Marine x2  
  56  6:57  Widow Mine  
  56  7:00  SCV  
  56  7:01  SCV  
  63  7:03  Marine  
  63  7:08  Marine x2  
  65  7:13  SCV  
  55  8:05  Liberator x2  
  53  8:19  Marine  
  51  8:20  Marine x2  
  51  8:25  SCV  
  62  8:33  Orbital Command  
  61  8:37  Refinery, SCV  
  61  8:39  Refinery  
  62  8:48  Liberator x2, Engineering Bay  
  62  8:51  Engineering Bay  
  62  8:53  Command Center, Supply Depot  
  62  8:57  Supply Depot  
  62  8:58  SCV  
  62  9:00  Marine x3  
  62  9:02  Widow Mine  
  74  9:10  SCV  
  75  9:17  Supply Depot  
  75  9:18  Marine x3  
  78  9:31  Widow Mine  
  79  9:41  Liberator x2  
  65  9:56  Marine x3  
  74  10:02  SCV x2  
  75  10:13  Marine  
  75  10:14  Marine x2, SCV x2  
  72  10:23  Liberator  
  72  10:25  Widow Mine  
  72  10:27  Liberator  
  74  10:31  Marine  
  74  10:32  Marine x2  
  75  10:49  Marine x2  
  73  10:50  Marine  
  73  10:54  Widow Mine  
  77  11:07  Marine x2  
  79  11:13  Marine  
  80  11:25  SCV x3, Marine x2  
  82  11:31  Marine  
  84  11:37  SCV x2  
  31  11:48  Marine  
  31  11:49  Marine  
  29  11:54  Widow Mine  
Tags
 
Composition
MMM Bio
League
GoldGold
Matchup
TvT
Race
Terran
Replay Pack
Nickos replay
Add a new tag
Caveats
  • Supply blocks, unpowered buildings, or Contaminate may cause inaccurate times.
  • Supply counts are checked every 10 seconds.